 Dungeon Crawl Stone Soup version 0.30-a0-702-gdf48620a09 (webtiles) character file.

Game seed: 11170031363007526262

58 gelatine the Firebug (level 3, -1/26 HPs)
             Began as a Demonspawn Fire Elementalist on Jan 21, 2023.
             Succumbed to Robin's poison
             ... on level 3 of the Dungeon.
             The game lasted 00:03:27 (1907 turns).

gelatine the Firebug (Demonspawn Fire Elementalist) Turns: 1907, Time: 00:03:28

Health: -1/26      AC:  2    Str:  8    XL:     3   Next: 76%
Magic:  1/15       EV: 12    Int: 18    God:
Gold:   117        SH:  0    Dex: 13    Spells: 3/6 levels left

rFire   . . .      SeeInvis .    h - +2 dagger (venom)
rCold   . . .      Faith    .    (no shield)
rNeg    . . .      Spirit   +    a - +0 robe
rPois   .          Reflect  .    (no helmet)
rElec   .          Harm     .    (no cloak)
rCorr   .          Rampage  .    (no gloves)
Will    .....                    (no boots)
Stlth   ++                       g - amulet of guardian spirit
HPRegen 0.24/turn                e - ring of magical power
MPRegen 0.14/turn                (no ring)

@: lethally poisoned (-1 -> -32)
A: ignite blood 1
a: no special abilities


You were on level 3 of the Dungeon.
You visited 1 branch of the dungeon, and saw 3 of its levels.

You collected 117 gold pieces.

Inventory:

Hand Weapons
 h - a +2 dagger of venom (weapon)
Armour
 a - a +0 robe (worn)
Jewellery
 e - a ring of magical power (left hand)
 g - an amulet of guardian spirit (around neck)
 k - an amulet of faith
Scrolls
 c - a scroll of magic mapping {unknown}
 d - a scroll of poison {unknown}
 i - 2 scrolls of teleportation {unknown}
Potions
 b - a potion of magic
 f - 2 potions of curing {unknown}
 j - 2 potions of degeneration {unknown}
 l - a potion of brilliance {unknown}
 m - a potion of lignification {unknown}
 n - a potion of attraction {unknown}


   Skills:
 * Level 1.0 Fighting
 * Level 2.0 Dodging
 + Level 1.8 Stealth
 + Level 2.2 Spellcasting
 * Level 1.6 Conjurations
 * Level 3.5 Fire Magic


You had 3 spell levels left.
You knew the following spells:

 Your Spells              Type           Power      Damage    Failure   Level
a - Foxfire               Conj/Fire      44%        2x1d6     6%          1
b - Scorch                Fire           28%        2d6       6%          2

Your spell library contained the following spells:

 Spells                   Type           Power      Damage    Failure   Level
 Cigotuvi's Dreadful Rot  Necr/Pois/Air  4%         N/A       26%         2
 Inner Flame              Hex/Fire       8%         N/A       26%         3
 Kindle Blastsparks       Fire/Tloc/Air  12%        2d11      32%         3
 Flame Wave               Conj/Fire      11%        2d6       52%         4
 Sticky Flame             Conj/Fire      11%        2d3       52%         4
 Starburst                Conj/Fire      5%         6d4       100%        6


Dungeon Overview and Level Annotations

Branches:
Dungeon (3/15)

Altars:

Annotations:
D:3 1 transporter, Robin


Innate Abilities, Weirdness & Mutations

Your demonic aura sometimes causes spilled blood to erupt in flames.


Message History

You kill the goblin!
Casting: Scorch (safe; 6% risk of failure)
Confirm with . or Enter, or press ? or * to list all spells.
You conjure some foxfire!
The foxfire hits the goblin.
You kill the goblin!
The foxfire hits Robin but does no damage.
Casting: Foxfire (safe; 6% risk of failure)
Confirm with . or Enter, or press ? or * to list all spells.
Flames lash Robin.
Robin is moderately wounded.
Robin's fire resistance burns away.
The hobgoblin no longer looks unusually strong.
Robin roars a battlecry!
The hobgoblin goes into a battle-frenzy!
Casting: Scorch (safe; 6% risk of failure)
Confirm with . or Enter, or press ? or * to list all spells.
You don't have enough magic to cast this spell.
Casting: Scorch (safe; 6% risk of failure)
Confirm with . or Enter, or press ? or * to list all spells.
You conjure some foxfire!
The foxfire hits Robin but does no damage.
Robin is moderately wounded.
The foxfire hits Robin.
Robin is burned terribly!
Robin is severely wounded.
Robin hits you from afar with a +1 spear of venom.
You are poisoned.
Your magical contamination has completely faded away.
You feel very sick.
Robin hits you with a +1 spear of venom.
You are lethally poisoned!
You hit Robin.
Robin is poisoned.
Robin is severely wounded.
You feel very sick.
Robin hits you with a +1 spear of venom.
* * * LOW HITPOINT WARNING * * *
You are more poisoned.
You barely miss Robin.
Robin is severely wounded.
You die...

#.# #..#P.#≈≈≈≈≈
#.# ##..#$.#..~P~
#.# #..©#©:+..~⌠~
#.# #...#$.#..~~~
#.# #...#P.#≈≈≈≈≈
#.# ##..#8~#o5...
#.# ##.g.#########
#.####.##..g.gg.g..
#.@ggg#####.###g†..
#####.# #.). ....
#.# #.###g.g. ##.
.## #.g. #. # ...
#.


.gg .# ..g # You could see Robin (very poisoned, combustible), a hobgoblin
(strong) and a goblin (strong).

Vanquished Creatures
  2 adders (D:2)
  A worm (D:2)
  A dart slug (D:1)
  A ball python (D:1)
  3 bats
  3 endoplasms
  A giant cockroach (D:2)
  A hobgoblin (D:3)
  4 kobolds
  A quokka (D:1)
  4 frilled lizards
  9 goblins
  4 rats
35 creatures vanquished.

Vanquished Creatures (others)
  95 foxfires
95 creatures vanquished.

Grand Total: 130 creatures vanquished

Notes
Turn   | Place    | Note
-------+----------+-------------------------------------------
     0 | D:1      | gelatine the Demonspawn Fire Elementalist began the quest
                  | for the Orb.
     0 | D:1      | Reached XP level 1. HP: 13/13 MP: 3/3
   390 | D:1      | Reached skill level 3 in Fire Magic
   390 | D:1      | Gained mutation: Your demonic aura sometimes causes spilled
                  | blood to erupt in flames. [demonic ancestry]
   390 | D:1      | Reached XP level 2. HP: 19/19 MP: 5/5
  1065 | D:2      | Reached XP level 3. HP: 25/25 MP: 6/6
  1073 | D:2      | Got the Treatise on Combustion and Gases
  1815 | D:3      | Found a transporter.
  1840 | D:3      | Learned a level 2 spell: Scorch
  1880 | D:3      | Noticed Robin
  1887 | D:3      | Reached skill level 1 in Fighting
  1907 | D:3      | Succumbed to Robin's poison

Illustrated notes

Levels and vault maps discovered:
D:1:      saegor_arrival_miasma, layout_basic
D:2:      layout_loops_ring, serial_rivers, chequers_serial_rivers_large_a,
          chequers_serial_rivers_small_3, chequers_serial_rivers_small_3,
          chequers_serial_rivers_micro_a, chequers_serial_rivers_large_b
D:3:      gammafunk_wand_slinger, layout_loops_ring, portal_sewer_entry_d,
          moated_statue, uniq_robin

Skill      XL: |  1  2  3 |
---------------+----------+-----
Fire Magic     | 3 |  3.5
Dodging        | 2 |  2.0
Fighting       | 1 |  1.0
Stealth        | |  1.8
Spellcasting   | |  2.2
Conjurations   | |  1.6

Action                   || total
-------------------------++-------
Melee: Dagger            ||     8
 Cast: Foxfire           ||    62
       Scorch            ||     9
Armor: Robe              ||     1
Dodge: Dodged            ||     4

Table legend: (Time is in decaauts)
 A = Elapsed time spent in this place.
 B = Non-inter-level travel time spent in this place.
 C = Inter-level travel time spent in this place.
 D = Time resting spent in this place.
 E = Time spent auto-exploring this place.
 F = Levels seen in this place.
 G = Mean time per level.
                   A        B        C        D        E       F      G
               +--------+--------+--------+--------+--------+-----+--------+
         Total |   1952 |   1931 |     21 |      0 |   1690 |   3 |  650.7 |
       Dungeon |   1952 |   1931 |     21 |      0 |   1690 |   3 |  650.7 |
               +--------+--------+--------+--------+--------+-----+--------+

Top non-repeatable levels by time:
     D:2: 1045 daAuts
     D:1: 815 daAuts
     D:3: 91 daAuts
